AoeStats
← SaBaLeRo

Arabia

506828544Analyzed
1v1 RM · 18d ago on Sep 15, 2026· 47m 21s· 2 players
Game mode
Random Map
Map size
Tiny (2 player)
Population
200
Speed
Normal
Resources
Standard
Victory
Conquest
Starting age
Dark Age
Ending age
Imperial Age
RankedLock teamsTeams togetherTeam positionsShared explorationLock speedFull tech treeHidden civsTurbo modeCheats
Victory
Defeat
🇨🇳 Khitans · China
1140
+18
🇦🇷 Maya · Argentina
1173
-18
dingding
5:20 Loom
9:47 Feudal Age
10:25 Double-Bit Axe
13:27 Forging
17:16 Domestication
21:18 Castle Age
20:09 Scale Barding Armor
21:21 Light Cavalry
22:39 Iron Casting
24:26 Bow Saw
26:23 Wheelbarrow
28:31 Hand Cart
28:56 Chain Barding Armor
28:40 Husbandry
28:28 Man-at-Arms
30:44 Long Swordsman
32:34 Gold Mining
32:33 Town Watch
35:58 Imperial Age
35:13 Pastoralism
35:59 Town Patrol
36:06 Stone Mining
36:35 Capped Ram
37:28 Siege Ram
39:03 Stone Shaft Mining
39:05 Conscription
38:42 Fletching
38:41 Elite Steppe Lancer
39:41 Ordo Cavalry
40:12 Two-Handed Swordsman
40:57 Gambesons
41:35 Bodkin Arrow
41:44 Squires
41:48 Arson
43:11 Scale Mail Armor
44:40 Lamellar Armor
45:10 Chain Mail Armor
46:24 Plate Mail Armor
46:02 Champion
47:13 Bracer
SaBaLeRo
0:26 Loom
9:39 Feudal Age
11:28 Double-Bit Axe
12:27 Horse Collar
19:09 Castle Age
17:34 Gold Mining
18:40 Scale Mail Armor
18:51 Forging
19:15 Eagle Warrior
20:35 Squires
21:07 Bow Saw
22:21 Heavy Plow
26:08 Town Watch
29:06 Pikeman
30:36 Fletching
31:03 Chain Mail Armor
35:16 Iron Casting
37:30 Town Patrol
37:36 Town Patrol
43:42 Imperial Age
43:00 Bodkin Arrow
43:36 Man-at-Arms
45:17 Bracer
45:43 Long Swordsman
46:57 Plate Mail Armor
46:41 Two-Handed Swordsman
Connection lost

Rejoining the realm…

Still unreachable

The connection could not be restored.

Session expired

The server has moved on; the page needs a fresh start.